 Dungeon Crawl Stone Soup version 0.31-a0-164-g2312942fda (webtiles) character file.

Game seed: 2873508722521203218

14935 olmar the Thaumaturge (level 12, -16/94 HPs)
             Began as a Gnoll Warper on June 14, 2023.
             Was the Champion of Cheibriados.
             Demolished by a reaper
             ... wielding a +2 vampiric scythe
              (26 damage)
             ... in a Gauntlet.
             The game lasted 00:26:16 (12943 turns).

olmar the Thaumaturge (Gnoll Warper)               Turns: 12943, Time: 00:26:17

Health: -16/94     AC: 12    Str: 27    XL:     12   Next: 21%
Magic:  15/27      EV: 25    Int: 31    God:    Cheibriados [******]
Gold:   322        SH:  5    Dex: 27    Spells: 11/29 levels left

rFire   . . .        a - +3 dire flail (freeze)
rCold   . . .        (shield currently unavailable)
rNeg    . . .        w - +3 leather armour {Will+}
rPois   .            t - +0 helmet
rElec   .            Q - +0 cloak {Stlth+}
rCorr   .            z - +0 pair of gloves
SInv    .            L - +0 pair of boots
Will    +....        E - amulet of reflection
Stlth   +++++        N - +5 ring of evasion
HPRegen 0.35/turn    (no ring)
MPRegen 0.20/turn

%: no teleportation, reflection
@: invisible, very slow
A: fangs 1, strong nose, distributed training, high MP 1, mutation resistance 1
a: Renounce Religion, Bend Time, Temporal Distortion, Slouch, Step From Time


You were in a Gauntlet.
You worshipped Cheibriados.
Cheibriados was exalted by your worship.
You visited 2 branches of the dungeon, and saw 11 of its levels.
You also visited: Gauntlet.

You collected 497 gold pieces.
You spent 175 gold pieces at shops.

Inventory:

Hand Weapons
 a - a +3 dire flail of freezing (weapon)
 b - the +6 flail of Ambiguity {antimagic, *Corrode Str+3 Int+9}
   (You found it in a Gauntlet)

   Str:       It affects your strength (+3).
   Int:       It affects your intelligence (+9).
   *Corrode:  It may corrode you when you take damage.
 s - a +1 mace of venom
 y - a +1 whip of venom
 I - a +2 flail of holy wrath
Missiles
 d - 7 boomerangs of dispersal
 m - 6 boomerangs (quivered)
 n - 4 javelins
Armour
 t - a +0 helmet (worn)
 w - a +3 leather armour of willpower (worn)
 z - a +0 pair of gloves (worn)
 L - a +0 pair of boots (worn)
 Q - a +0 cloak of stealth (worn)
Magical Staves
 k - a staff of fire
Jewellery
 E - an amulet of reflection (around neck)
 N - a +5 ring of evasion (left hand)
Wands
 q - a wand of flame (10)
 v - a wand of charming (24)
 A - a wand of digging (5)
 D - a wand of mindburst (30)
 F - a wand of roots (3)
Scrolls
 c - a scroll of summoning
 f - 5 scrolls of poison
 h - a scroll of vulnerability
 j - 4 scrolls of fear
 o - a scroll of amnesia
 p - 3 scrolls of immolation
 x - 3 scrolls of revelation
 C - 3 scrolls of teleportation
 H - a scroll of silence
 J - a scroll of torment {unknown}
Potions
 e - 4 potions of degeneration
 g - a potion of ambrosia {unknown}
 i - 2 potions of curing
 l - 3 potions of resistance
 r - 3 potions of enlightenment
 B - a potion of might
 G - a potion of magic
 K - a potion of brilliance {unknown}
 M - a potion of invisibility
 O - 2 potions of cancellation {unknown}
 P - a potion of mutation


   Skills:
 + Level 8.7 Fighting
 + Level 7.3 Short Blades
 + Level 7.3 Long Blades
 + Level 7.3 Axes
 + Level 8.7 Maces & Flails
 + Level 7.3 Polearms
 + Level 7.3 Staves
 + Level 7.3 Ranged Weapons
 + Level 7.8 Throwing
 + Level 7.8 Armour
 + Level 8.7 Dodging
 + Level 7.3 Stealth
 + Level 7.3 Shields
 + Level 7.3 Unarmed Combat
 + Level 9.0 Spellcasting
 + Level 6.1 Conjurations
 + Level 6.1 Hexes
 + Level 6.1 Summonings
 + Level 6.1 Necromancy
 + Level 8.3 Translocations
 + Level 6.1 Transmutations
 + Level 6.1 Fire Magic
 + Level 6.1 Ice Magic
 + Level 6.1 Air Magic
 + Level 6.1 Earth Magic
 + Level 6.1 Poison Magic
 + Level 8.0 Invocations
 + Level 7.3 Evocations


You had 11 spell levels left.
You knew the following spells:

 Your Spells              Type           Power      Damage    Failure   Level
a - Blink                 Tloc           100%       N/A       1%          2
b - Summon Small Mammal   Summ           100%       N/A       1%          1
c - Vhi's Electric Charg  Tloc/Air       100%       N/A       1%          3
d - Call Canine Familiar  Summ           51%        N/A       1%          3
e - Summon Guardian Gole  Hex/Summ       51%        N/A       1%          3
f - Foxfire               Conj/Fire      100%       2x1d9     1%          1
g - Summon Mana Viper     Hex/Summ       51%        N/A       9%          5

Your spell library contained the following spells:

 Spells                   Type           Power      Damage    Failure   Level
 Necrotise                Necr           100%       1d9       1%          1
 Ensorcelled Hibernation  Hex/Ice        100%       N/A       1%          2
 Lesser Beckoning         Tloc           100%       N/A       1%          2
 Passwall                 Tmut/Erth      42%        N/A       1%          2
 Dazzling Flash           Conj/Hex       100%       N/A       1%          3
 Swiftness                Air            51%        N/A       1%          3
 Teleport Other           Tloc           60%        N/A       1%          3
 Vampiric Draining        Necr           51%        2d9       1%          3
 Manifold Assault         Tloc           60%        N/A       1%          4
 Agony                    Necr           51%        N/A       9%          5
 Fireball                 Conj/Fire      25%        3d11      9%          5
 Silence                  Hex/Air        25%        N/A       9%          5
 Leda's Unmaking          Conj/Erth      25%        9d5       45%         6
 Plasma Beam              Fire/Air       25%        2x1d38    45%         6
 Starburst                Conj/Fire      25%        6d8       45%         6
 Summon Horrible Things   Summ           25%        N/A       100%        8


Dungeon Overview and Level Annotations

Branches:
Dungeon (10/15)            Temple (0/1) D:7            Lair (1/5) D:8
Gauntlet (1/1)
    Orc: D:9-12

Altars:
Cheibriados
Kikubaaqudgha
Nemelex Xobeh
Sif Muna
Vehumet
The Shining One

Shops:
D:1 :([   D:5 *   D:8 :

Annotations:
D:5 1 runed translucent door Gauntlet 8 transporters


Innate Abilities, Weirdness & Mutations

You have very sharp teeth.
Your uncanny sense of smell can sniff out nearby items.
Your experience applies equally to all skills.
You have an increased reservoir of magic. (+10% MP)
You are somewhat resistant to further mutation.


Message History

Press: ? - help, Dir - move target
As you read the scroll of blinking, it crumbles to dust.
Your mana viper misses the hellwing.
Your wolf bites the hellwing but does no damage.
The hellwing misses your wolf. The hellwing hits your wolf.
It was a potion of invisibility.
You fade into invisibility!
Your wolf bites the hellwing but does no damage.
Your mana viper closely misses the hellwing.
The hellwing hits your wolf. The hellwing barely misses your wolf.
Your mana viper bites the hellwing.
Your wolf bites the hellwing but does no damage.
Unknown command.
Unknown command.
Unknown command.
It was a potion of mutation.
You feel extremely strange.
You feel more energetic.
You feel genetically stable.
Your wolf bites the hellwing!
Your mana viper bites the hellwing but does no damage.
The hellwing hits your mana viper.
The hellwing closely misses your mana viper.
The reaper hits you with a +2 vampiric scythe!
* * * LOW HITPOINT WARNING * * *
You feel better.
Your wolf bites the hellwing but does no damage.
Your mana viper bites the hellwing but does no damage.
Your wolf bites the hellwing but does no damage.
The reaper hits you with a +2 vampiric scythe!!
* * * LOW HITPOINT WARNING * * *
The hellwing hits your mana viper but does no damage.
The hellwing closely misses your mana viper.
You feel better.
Your mana viper bites the hellwing but does no damage.
Your wolf barely misses the hellwing.
Your mana viper bites the hellwing but does no damage.
Your wolf bites the hellwing but does no damage.
The hellwing hits your mana viper. x2
The reaper whispers, "Time's up, olmar!"
The reaper hits you with a +2 vampiric scythe!!
You die...

.#=.##.#..P#≈#≈#...#).####.#.♣PPP
.#∆©.. ..P..P....#...©...#...P.
###### #..P♣...#############.♣P
...©.. #.......#©....©....©#...
###### ####.###################
..#.#. .w.#.#..5.§..#.#.......#
###.#.#.. #.#.#..#.§.§#.#..####.#
..#.#w..©##.#.#.###25.#.#.#.....#
#.#.#.###..w#.#.@#©#..#.#.#.©####
#.#.#.###...#.#..2###.#.#.#.#.=.#
#.#.#w###.w.#.#S4h.#..#.#.#.#$?##
?.#.#www©?..#.#.$[©.).#.#...#.#©#
###.#########.#########.#########
.................................
P..♣P..♣...........♣...♣P.P♣P..♣P
.............∩...................
≈≈#≈≈≈#..♣.......♣..#≈≈≈#≈≈≈#≈≈≈#


You could see a reaper, a tyrant leech (wandering, unable to see you), a
hellwing (unable to see you, ally target), 2 swamp worms, a friendly mana viper
(summoned) and a friendly wolf (summoned).

Vanquished Creatures
  A centaur warrior (D:10)
  A tengu warrior (Gauntlet)
  A cyclops (D:10)
  A cane toad (Lair:1)
  2 tengu conjurers (Gauntlet)
  A komodo dragon (Lair:1)
  2 blink frogs (Lair:1)
  Grinder (D:3)
  A hornet (D:8)
  3 shadows
  Sigmund (D:2)
  21 yaks
  A basilisk (Lair:1)
  3 water moccasins
  2 black bears
  4 ice beasts
  4 orc warriors
  2 sky beasts
  3 ogres
  5 wolves (Lair:1)
  3 centaurs
  Blork the orc (D:4)
  7 bullfrogs
  8 scorpions
  13 wights
  11 killer bees
  5 howler monkeys
  Crazy Yiuf (D:7)
  3 orc priests
  A gnoll bouda (D:7)
  3 hounds
  3 jellies
  2 sleepcaps
  Ijyb (D:3)
  4 iguanas
  15 orc wizards
  Robin (D:2)
  8 gnolls
  6 adders
  An ufetubus (D:6)
  A worm (D:4)
  4 dart slugs
  23 orcs
  11 bats
  5 endoplasms
  9 giant cockroaches
  14 goblins
  12 hobgoblins
  8 jackals (D:3)
  5 kobolds
  4 quokkas
  4 ball pythons
  4 frilled lizards
  9 rats
  2 butterflies (D:5)
272 creatures vanquished.

Vanquished Creatures (collateral kills)
  An unseen horror (D:10)
  A troll (D:9)
  2 blink frogs (Lair:1)
  An orc warrior (D:10)
  A wolf (Lair:1)
  2 bullfrogs
  A scorpion (D:5)
  A wight (D:9)
  3 killer bees
  A howler monkey (D:8)
  2 orc priests
  An adder (D:5)
  4 orcs
  A rat (D:2)
  3 butterflies (D:5)
25 creatures vanquished.

Vanquished Creatures (others)
  Grum (Lair:1)
  A gnoll sergeant (D:8)
  4 wights (D:8)
  8 killer bees (D:7)
  2 gnolls (D:8)
  24 foxfires (Gauntlet)
40 creatures vanquished.

Grand Total: 337 creatures vanquished

Notes
Turn   | Place    | Note
-------+----------+-------------------------------------------
     0 | D:1      | olmar the Gnoll Warper began the quest for the Orb.
     0 | D:1      | Reached XP level 1. HP: 20/20 MP: 6/6
    38 | D:1      | Reached XP level 2. HP: 26/26 MP: 7/7
    78 | D:1      | Found Routy's Book Emporium.
   125 | D:1      | Found Jimaegot's Weapon Shop.
   245 | D:1      | Found Toniubr Teep's Armour Shop.
   304 | D:1      | Learned a level 2 spell: Blink
   358 | D:1      | Found a faded altar of an unknown god.
   370 | D:1      | Reached skill level 5 in Spellcasting
   370 | D:1      | Reached XP level 3. HP: 26/31 MP: 7/9
   685 | D:2      | Reached skill level 1 in Invocations
   697 | D:1      | Reached skill level 1 in Short Blades
   697 | D:1      | Reached skill level 1 in Long Blades
   697 | D:1      | Reached skill level 1 in Axes
   697 | D:1      | Reached skill level 1 in Polearms
   697 | D:1      | Reached skill level 1 in Staves
   697 | D:1      | Reached skill level 1 in Ranged Weapons
   697 | D:1      | Reached skill level 1 in Stealth
   697 | D:1      | Reached skill level 1 in Shields
   697 | D:1      | Reached skill level 1 in Unarmed Combat
   697 | D:1      | Reached skill level 1 in Evocations
   903 | D:2      | Learned a level 1 spell: Summon Small Mammal
  1053 | D:2      | Noticed Sigmund
  1206 | D:2      | Reached XP level 4. HP: 38/38 MP: 11/11
  1552 | D:2      | Noticed Robin
  1584 | D:2      | Killed Robin
  1585 | D:2      | Reached skill level 1 in Conjurations
  1585 | D:2      | Reached skill level 1 in Hexes
  1585 | D:2      | Reached skill level 1 in Summonings
  1585 | D:2      | Reached skill level 1 in Necromancy
  1585 | D:2      | Reached skill level 1 in Transmutations
  1585 | D:2      | Reached skill level 1 in Fire Magic
  1585 | D:2      | Reached skill level 1 in Ice Magic
  1585 | D:2      | Reached skill level 1 in Air Magic
  1585 | D:2      | Reached skill level 1 in Earth Magic
  1585 | D:2      | Reached skill level 1 in Poison Magic
  1776 | D:3      | Noticed Ijyb
  1786 | D:3      | Killed Ijyb
  1875 | D:3      | Noticed Grinder
  1887 | D:3      | Reached XP level 5. HP: 40/43 MP: 12/12
  1900 | D:3      | Killed Grinder
  1901 | D:3      | Reached skill level 5 in Fighting
  1901 | D:3      | Reached skill level 5 in Maces & Flails
  1901 | D:3      | Reached skill level 5 in Dodging
  1901 | D:3      | Reached XP level 6. HP: 18/51 MP: 14/14
  2136 | D:3      | Found a snail-covered altar of Cheibriados.
  2136 | D:3      | Found a sparkling altar of Nemelex Xobeh.
  2141 | D:3      | Became a worshipper of Cheibriados the Contemplative
  2146 | D:3      | Learned a level 3 spell: Vhi's Electric Charge
  2150 | D:3      | Learned a level 3 spell: Call Canine Familiar
  2154 | D:3      | Learned a level 3 spell: Summon Guardian Golem
  2595 | D:3      | Reached XP level 7. HP: 34/56 MP: 15/15
  2941 | D:4      | Reached * piety under Cheibriados
  3197 | D:4      | Noticed Blork the orc
  3209 | D:4      | Killed Blork the orc
  3630 | D:4      | Found a radiant altar of Vehumet.
  3663 | D:4      | Found an ancient bone altar of Kikubaaqudgha.
  3707 | D:4      | Found a shimmering blue altar of Sif Muna.
  3931 | D:5      | Entered Level 5 of the Dungeon
  4002 | D:5      | Found a runed translucent door.
  4003 | D:5      | Found a runed translucent door.
  4015 | D:5      | Reached XP level 8. HP: 57/63 MP: 16/16
  4024 | D:5      | Reached skill level 6 in Spellcasting
  4177 | D:5      | Reached ** piety under Cheibriados
  4672 | D:5      | Found Againau's General Store.
  4692 | D:5      | Bought a potion of magic for 80 gold pieces
  4692 | D:5      | Bought a scroll of silence for 95 gold pieces
  4930 | D:5      | You fall into a shaft and drop 1 floor!
  5061 | D:6      | Reached XP level 9. HP: 69/69 MP: 18/18
  5285 | D:6      | Reached skill level 5 in Throwing
  5285 | D:6      | Reached skill level 5 in Armour
  5640 | D:6      | Got Nokomm's Volume of the Amalgamated Quarry
  5910 | D:2      | Killed Sigmund
  5910 | D:2      | Reached *** piety under Cheibriados
  6213 | D:5      | Reached skill level 5 in Invocations
  6736 | D:7      | Reached skill level 7 in Spellcasting
  7478 | D:7      | Reached skill level 5 in Short Blades
  7478 | D:7      | Reached skill level 5 in Long Blades
  7478 | D:7      | Reached skill level 5 in Axes
  7478 | D:7      | Reached skill level 5 in Polearms
  7478 | D:7      | Reached skill level 5 in Staves
  7478 | D:7      | Reached skill level 5 in Ranged Weapons
  7478 | D:7      | Reached skill level 5 in Stealth
  7478 | D:7      | Reached skill level 5 in Shields
  7478 | D:7      | Reached skill level 5 in Unarmed Combat
  7478 | D:7      | Reached skill level 5 in Evocations
  7478 | D:7      | Reached XP level 10. HP: 29/77 MP: 8/20
  7572 | D:7      | Reached **** piety under Cheibriados
  7716 | D:7      | Found a staircase to the Ecumenical Temple.
  8016 | D:7      | Found a runed translucent door.
  8017 | D:7      | Noticed Crazy Yiuf
  8032 | D:7      | Killed Crazy Yiuf
  8351 | D:8      | Found Meor's Book Emporium.
  9305 | D:8      | Found a staircase to the Lair.
  9808 | D:9      | Reached ***** piety under Cheibriados
  9947 | D:9      | Reached skill level 5 in Conjurations
  9947 | D:9      | Reached skill level 5 in Hexes
  9947 | D:9      | Reached skill level 5 in Summonings
  9947 | D:9      | Reached skill level 5 in Necromancy
  9947 | D:9      | Reached skill level 5 in Transmutations
  9947 | D:9      | Reached skill level 5 in Fire Magic
  9947 | D:9      | Reached skill level 5 in Ice Magic
  9947 | D:9      | Reached skill level 5 in Air Magic
  9947 | D:9      | Reached skill level 5 in Earth Magic
  9947 | D:9      | Reached skill level 5 in Poison Magic
  9947 | D:9      | Reached XP level 11. HP: 83/85 MP: 22/22
 10041 | D:9      | Reached skill level 8 in Spellcasting
 10493 | D:9      | Found a glowing golden altar of the Shining One.
 10937 | D:10     | Entered Level 10 of the Dungeon
 11001 | D:10     | Noticed a cyclops
 11011 | D:10     | Killed a cyclops
 11852 | D:10     | Noticed a centaur warrior
 11868 | D:10     | Killed a centaur warrior
 12243 | Lair:1   | Entered Level 1 of the Lair of Beasts
 12334 | Lair:1   | Reached ****** piety under Cheibriados
 12390 | Lair:1   | Reached XP level 12. HP: 32/94 MP: 12/24
 12399 | Lair:1   | Noticed Grum
 12408 | Lair:1   | Killed Grum
 12536 | Lair:1   | Found a gate leading to a gauntlet.
 12546 | Gauntlet | Entered a Gauntlet
 12546 | Gauntlet | Found a transporter.
 12576 | Gauntlet | Found a transporter.
 12578 | Gauntlet | Found a transporter.
 12606 | Gauntlet | Noticed a tengu warrior
 12631 | Gauntlet | Found a transporter.
 12632 | Gauntlet | Found a transporter.
 12635 | Gauntlet | Noticed a ghost crab
 12641 | Gauntlet | Found a transporter.
 12657 | Gauntlet | Found a transporter.
 12657 | Gauntlet | Noticed a reaper
 12667 | Gauntlet | Found a transporter.
 12677 | Gauntlet | Found a transporter.
 12695 | Gauntlet | Found a transporter.
 12702 | Gauntlet | Noticed a catoblepas
 12707 | Gauntlet | Found a transporter.
 12708 | Gauntlet | Found a transporter.
 12737 | Gauntlet | Learned a level 1 spell: Foxfire
 12760 | Gauntlet | Identified the +6 flail of Ambiguity {antimagic, *Corrode
                  | Str+3 Int+9}
 12790 | Gauntlet | Found a transporter.
 12813 | Gauntlet | Killed a tengu warrior
 12814 | Gauntlet | Reached skill level 9 in Spellcasting
 12929 | Gauntlet | Learned a level 5 spell: Summon Mana Viper
 12941 | Gauntlet | Gained mutation: You have an increased reservoir of magic.
                  | (+10% MP) [potion of mutation]
 12941 | Gauntlet | Gained mutation: You are somewhat resistant to further
                  | mutation. [potion of mutation]
 12943 | Gauntlet | Demolished by a reaper

Illustrated notes

Levels and vault maps discovered:
D:1:      wander_arrival_lonely_grave, layout_basic, basic_ecumenical_altar,
          serial_shops, shop, nicolae_shop_tiny_statue_garden, shop
D:2:      layout_rooms, minivault_11, glass_columns_a, uniq_sigmund, uniq_robin
D:3:      layout_loops_cross, gammafunk_temple_overflow_statue, uniq_grinder,
          uniq_ijyb
D:4:      layout_loops_corners, palyth_temple_overflow_mages, minmay_surrounded,
          uniq_blork_the_orc
D:5:      lemuel_insect_pit, layout_layer_cave, serial_shops,
          nicolae_shop_trees, kennysheep_generic_room_2
D:6:      layout_rooms
D:7:      layout_loops_ring, minmay_temple_entry_proselytizer,
          minmay_door_square, uniq_crazy_yiuf_cottage
D:8:      layout_layer_cave, grunt_lair_entry_orc_guard_hut, serial_shops,
          nicolae_shop_temple_entry_statues_fountains
D:9:      layout_loops_corners, tso_altar
D:10:     layout_basic
Lair:1:   layout_hall_layers, serial_rivers, chequers_serial_rivers_large_a,
          chequers_serial_rivers_room_b, chequers_serial_rivers_room_a,
          chequers_serial_rivers_micro_a, chequers_serial_rivers_room_a,
          chequers_serial_rivers_small_3, gauntlet_entry_generic, uniq_grum
Gauntlet: minmay_gauntlet_77_tree [minmay_gauntlet_arena_77_mess,
          minmay_gauntlet_arena_77_squiggly, minmay_gauntlet_arena_77_box,
          minmay_gauntlet_arena_77_mirror, minmay_gauntlet_arena_77_block_sizes,
          minmay_gauntlet_arena_77_double_cross,
          minmay_gauntlet_arena_77_radiant_squares, gauntlet_exit_green]

Skill      XL: |  1  2  3  4  5  6  7  8  9 10 11 12 |
---------------+-------------------------------------+-----
Spellcasting   | 5 6 7 8 9 |  9.0
Invocations    | 1 2 3 4 5 6 7 8 |  8.0
Short Blades   | 1 2 3 5 6 7 |  7.3
Long Blades    | 1 2 3 5 6 7 |  7.3
Axes           | 1 2 3 5 6 7 |  7.3
Polearms       | 1 2 3 5 6 7 |  7.3
Staves         | 1 2 3 5 6 7 |  7.3
Ranged Weapons | 1 2 3 5 6 7 |  7.3
Stealth        | 1 2 3 5 6 7 |  7.3
Shields        | 1 2 3 5 6 7 |  7.3
Unarmed Combat | 1 2 3 5 6 7 |  7.3
Evocations     | 1 2 3 5 6 7 |  7.3
Conjurations   | 1 2 3 4 5 6 |  6.1
Hexes          | 1 2 3 4 5 6 |  6.1
Summonings     | 1 2 3 4 5 6 |  6.1
Necromancy     | 1 2 3 4 5 6 |  6.1
Transmutations | 1 2 3 4 5 6 |  6.1
Fire Magic     | 1 2 3 4 5 6 |  6.1
Ice Magic      | 1 2 3 4 5 6 |  6.1
Air Magic      | 1 2 3 4 5 6 |  6.1
Earth Magic    | 1 2 3 4 5 6 |  6.1
Poison Magic   | 1 2 3 4 5 6 |  6.1
Fighting       | 5 6 7 8 |  8.7
Maces & Flails | 5 6 7 8 |  8.7
Throwing       | 3 4 5 6 7 |  7.8
Armour         | 3 4 5 6 7 |  7.8
Dodging        | 5 6 7 8 |  8.7
Translocations | 6 7 8 |  8.3

Action                     |  1- 3 |  4- 6 |  7- 9 | 10-12 || total
---------------------------+-------+-------+-------+-------++-------
  Melee: Mace              |    85 |   120 |   310 |   203 ||   718
         Bite              |     8 |    11 |    42 |    64 ||   125
         Punch             |     2 |     3 |     9 |    15 ||    29
         Dire flail        |       |       |       |   229 ||   229
  Throw: Boomerang         |     4 |     2 |     1 |     5 ||    12
         Javelin           |     3 |     2 |       |       ||     5
   Cast: Summon Small Mamm |     4 |     3 |    13 |    74 ||    94
         Blink             |       |     2 |     1 |     2 ||     5
         Call Canine Famil |       |       |    13 |    26 ||    39
         Summon Guardian G |       |       |     9 |    36 ||    45
         Vhi's Electric Ch |       |       |     1 |     2 ||     3
         Foxfire           |       |       |       |    17 ||    17
         Summon Mana Viper |       |       |       |     1 ||     1
  Evoke: Wand              |       |     1 |     6 |     2 ||     9
    Use: Scroll            |     2 |     1 |     4 |    10 ||    17
         Potion            |     2 |       |     1 |     4 ||     7
   Stab: Distracted        |       |     1 |     2 |     5 ||     8
         Sleeping          |       |     2 |    10 |     4 ||    16
 Armour: Leather armour    |    25 |    43 |   104 |    78 ||   250
  Dodge: Dodged            |    71 |    69 |   244 |   418 ||   802
  Block: Other             |       |       |    39 |   121 ||   160
         Reflection        |       |       |       |     3 ||     3

Table legend: (Time is in decaauts)
 A = Elapsed time spent in this place.
 B = Non-inter-level travel time spent in this place.
 C = Inter-level travel time spent in this place.
 D = Time resting spent in this place.
 E = Time spent auto-exploring this place.
 F = Levels seen in this place.
 G = Mean time per level.
                   A        B        C        D        E       F      G
               +--------+--------+--------+--------+--------+-----+--------+
         Total |  17144 |  16176 |    968 |   1432 |  11497 |  12 | 1428.7 |
       Dungeon |  16188 |  15220 |    968 |   1195 |  11352 |  10 | 1618.8 |
          Lair |    382 |    382 |      0 |     86 |     78 |   1 |  382.0 |
      Gauntlet |    573 |    573 |      0 |    151 |     66 |   1 |  573.0 |
               +--------+--------+--------+--------+--------+-----+--------+

Top non-repeatable levels by time:
     D:9: 2195 daAuts
     D:8: 2065 daAuts
     D:5: 1996 daAuts
    D:10: 1994 daAuts
     D:7: 1987 daAuts
     D:4: 1541 daAuts
     D:3: 1376 daAuts
     D:6: 1073 daAuts
     D:1: 1066 daAuts
     D:2: 890 daAuts
Gauntlet: 573 daAuts
  Lair:1: 382 daAuts
